 Dungeon Crawl Stone Soup version 0.28.0-53-g5a82cb258f (webtiles) character file.

Game seed: 9444866446819682006

306 LynnLen the Sneak (level 6, 0/41 HPs)
             Began as a Vampire Enchanter on Aug 1, 2022.
             Slain by a gnoll
             ... wielding a +2 whip of distortion
              (15 damage)
             ... on level 3 of the Dungeon.
             The game lasted 00:17:50 (3694 turns).

LynnLen the Sneak (Vampire Enchanter)               Turns: 3694, Time: 00:17:50

Health: 0/41       AC:  3    Str:  7    XL:     6   Next: 16%
Magic:  6/9        EV: 13    Int: 17    God:
Gold:   118        SH:  0    Dex: 17    Spells: 0/9 levels left

rFire   . . .      SeeInvis +   t - +2 dagger (elec)
rCold   . . .      Faith    .   (no shield)
rNeg    . . .      Spirit   .   n - +0 leather armour
rPois   .          Reflect  .   (no helmet)
rElec   .          Harm     .   (no cloak)
rCorr   .          Rampage  .   (no gloves)
Will    .....                   (no boots)
Stlth   +++.......              (no amulet)
HPRegen 0.33/turn               (no ring)
MPRegen 0.11/turn               (no ring)

@: confusing by touch, healing quickly
A: alive, fangs 3, see invisible, vampiric 2
a: Exsanguinate


You were on level 3 of the Dungeon.
You visited 1 branch of the dungeon, and saw 3 of its levels.

You collected 118 gold pieces.

Inventory:

Hand Weapons
 b - a +2 dagger of freezing
 t - a +2 dagger of electrocution (weapon)
Missiles
 c - 21 sling bullets
 d - 119 stones
 q - 4 poisoned darts (quivered)
Armour
 n - a +0 leather armour (worn)
 r - a +0 helmet
Jewellery
 s - a +6 ring of dexterity
Wands
 k - a wand of flame (25)
Scrolls
 e - a scroll of magic mapping
 f - 4 scrolls of immolation
 g - a scroll of enchant armour {unknown}
 h - a scroll of vulnerability
 l - a scroll of amnesia
 m - a scroll of blinking
Potions
 o - a potion of haste {unknown}
 p - 2 potions of curing {unknown}


   Skills:
 * Level 4.0 Short Blades
 * Level 4.7 Dodging
 + Level 6.9 Stealth
 - Level 2.0 Spellcasting
 - Level 4.4 Hexes


You couldn't memorise any spells.
You knew the following spells:

 Your Spells              Type           Power      Damage    Failure   Level
a - Confusing Touch       Hex            16%        N/A       14%         3
b - Tukima's Dance        Hex            16%        N/A       14%         3
c - Dazzling Flash        Conj/Hex       18%        N/A       34%         3

Your spell library contained the following spells:

 Spells                   Type           Power      Damage    Failure   Level
 Ensorcelled Hibernation  Hex/Ice        18%        N/A       19%         2
 Summon Ice Beast         Ice/Summ       1%         N/A       96%         4
 Summon Mana Viper        Hex/Summ       9%         N/A       97%         5
 Monstrous Menagerie      Summ           0%         N/A       100%        7


Dungeon Overview and Level Annotations

Branches:
Dungeon (3/15)

Altars:

Shops:
D:2 ::=[   D:3 [

Annotations:
D:3 Natasha


Innate Abilities, Weirdness & Mutations

Your natural rate of healing is accelerated.
You have razor-sharp teeth.
You have supernaturally acute eyesight. (SInv)
You are afflicted with vampirism and can become a bat while bloodless.


Message History

You closely miss the gnoll.
The gnoll is heavily wounded.
The gnoll hits you.
You barely miss the gnoll.
The gnoll is heavily wounded.
You closely miss the gnoll.
The gnoll is heavily wounded.
The gnoll closely misses you.
You barely miss the gnoll. Your punch misses the gnoll. You bite the gnoll.
The gnoll is severely wounded.
The gnoll misses you.
You hit the gnoll.
The gnoll is almost dead.
The gnoll hits you but does no damage.
You hit the gnoll but do no damage.
The gnoll is almost dead.
The gnoll misses you.
You hit the gnoll.
You kill the gnoll!
Your Short Blades skill increases to level 4!
You see here a gnoll corpse.
You start resting.
Magic restored.
You start resting.
HP restored.
Okay, then.
There is a stone staircase leading down, spattered with blood here.
You climb downwards.
Level annotation: Natasha The gnoll hits you with a +2 whip of distortion.
Space warps horribly around you! The gnoll completely misses you.
There is a stone staircase leading up, spattered with blood here.
Casting: Tukima's Dance (dangerous; 14% risk of failure)
Confirm with . or Enter, or press ? or * to list all spells.
Your hands begin to glow red.
The gnoll hits you with a +2 whip of distortion.
You blink.
The gnoll hits you with a +2 whip of distortion.
Space warps horribly around you!
You die...

# #........# #.#.# # #........#
#.#.# # ########## #.#.# # #####
#.#.# # ####...# #.#.# #
#<##.#.# #.#.# # #.##.#.####.#.#
# ##########g##.#.#....#.# #
#.........@...#.#.####.# #
#.............#........# #
#...............)#.###### #
#..........).....#......#
########################g####.#
............))...........# #.#
......#################ยง#####.#
..###.# #........g....#.###
#.....# #......##.###.#....


You could see a gnoll.

Vanquished Creatures
  Sigmund (D:2)
  Robin (D:3)
  3 gnolls (D:2)
  2 adders (D:2)
  4 dart slugs
  An orc (D:2)
  4 endoplasms
  A giant cockroach (D:1)
  15 goblins
  8 hobgoblins
  9 jackals
  2 quokkas (D:2)
  5 ball pythons
  7 bats
  2 frilled lizards
  3 kobolds
  6 rats
74 creatures vanquished.

Vanquished Creatures (others)
  A dancing weapon (D:3)
1 creature vanquished.

Grand Total: 75 creatures vanquished

Notes
Turn   | Place    | Note
-------+----------+-------------------------------------------
     0 | D:1      | LynnLen the Vampire Enchanter began the quest for the Orb.
     0 | D:1      | Reached XP level 1. HP: 13/13 MP: 3/3
   168 | D:1      | Found a faded altar of an unknown god.
   197 | D:1      | Reached XP level 2. HP: 17/19 MP: 5/5
   260 | D:1      | Reached skill level 5 in Stealth
   607 | D:1      | Gained mutation: You are afflicted with vampirism and can
                  | become a bat while bloodless. [Vampire growth]
   607 | D:1      | Reached XP level 3. HP: 17/24 MP: 6/6
   767 | D:2      | Found Hucvos's Antique Armour Boutique.
   821 | D:2      | Found Yzechaem's Jewellery Emporium.
  1040 | D:2      | Found Ymeru's Book Emporium.
  1196 | D:2      | Found Pionnergh's Book Boutique.
  1498 | D:2      | Learned a level 3 spell: Confusing Touch
  1502 | D:2      | Learned a level 3 spell: Tukima's Dance
  1513 | D:2      | Reached XP level 4. HP: 24/30 MP: 3/7
  1700 | D:2      | Found Mylymu's Book Shop.
  1910 | D:2      | Noticed Sigmund
  1920 | D:2      | Killed Sigmund
  1921 | D:2      | Reached skill level 6 in Stealth
  1921 | D:2      | Reached XP level 5. HP: 26/35 MP: 8/8
  2110 | D:3      | Found Koly's Antique Armour Shop.
  2634 | D:3      | Noticed Robin
  2780 | D:3      | Killed Robin
  2781 | D:3      | Reached XP level 6. HP: 29/41 MP: 6/9
  2820 | D:3      | Learned a level 3 spell: Dazzling Flash
  3184 | D:3      | Noticed Natasha
  3694 | D:3      | Slain by a gnoll

Illustrated notes

Levels and vault maps discovered:
D:1:      dpeg_arrival_windows_large_door, layout_rooms,
          shapermc_ecumenical_altar_mp_highgroup, minmay_tall_x
D:2:      layout_loops_corners, serial_shops, nicolae_shop_trees, shop,
          nicolae_shop_stone, nicolae_shop_hallway_plus,
          nicolae_shop_overgrown_old_shop, minmay_octomino_e4, uniq_sigmund
D:3:      layout_basic, serial_shops, nicolae_shop_crystal,
          minmay_fractal_squares_5, uniq_robin, uniq_natasha

Skill      XL: |  1  2  3  4  5  6 |
---------------+-------------------+-----
Stealth        | 5 6 |  6.9
Short Blades   | 2 3 4 |  4.0
Dodging        | 3 4 |  4.7
Spellcasting   | |  2.0
Hexes          | |  4.4

Action                   |  1- 3 |  4- 6 || total
-------------------------+-------+-------++-------
Melee: Dagger            |   178 |   133 ||   311
       Bite              |    17 |    13 ||    30
       Punch             |     1 |     1 ||     2
Throw: Dart              |       |     4 ||     4
 Cast: Confusing Touch   |     1 |     6 ||     7
       Tukima's Dance    |       |     3 ||     3
  Use: Potion            |     1 |     2 ||     3
       Scroll            |     6 |     5 ||    11
 Stab: Sleeping          |    10 |     4 ||    14
       Confused          |     1 |     2 ||     3
Armor: Robe              |    40 |       ||    40
       Leather armour    |    14 |    32 ||    46
Dodge: Dodged            |   124 |   107 ||   231
